cohdb
Replays
Latest Replays
All Replays
Popular Replays
Top Player Replays
Match Explorer
How It Works
Community
CoH3 Stats
Reddit
Sign in to upload your games and track your stats! →
Sign in with Steam
Match 43745464
Unlisted
Match 43745464
Overview
Messages
Build Orders
End
Pioneer Squad
Construct Infanterie Kompanie
MG 42 Machine Gun Team
Grenadier Squad
MG 42 Machine Gun Team
Construct Luftwaffe Kompanie
Medical Bunker
Jäger Squad
Jäger Squad
Support Elements
Marder III M Tank Destroyer
Medical Bunker
Jäger Squad
Marder III M Tank Destroyer
Wirbelwind Flakpanzer
Jäger Squad
Phenomensky
Wander MOR
B1t
SkyCurv
0
0
Comments
sign in to comment!
No comments posted yet!